 Dungeon Crawl Stone Soup version 0.18-b1-10-g3f7de93 (webtiles) character file.

287 juanjsm the Magician (level 6, -2/28 HPs)
             Began as a Spriggan Venom Mage on Apr 29, 2016.
             Slain by Pikel
             ... wielding a +0 whip of flaming
              (6 damage)
             ... on level 4 of the Dungeon.
             The game lasted 00:18:46 (3390 turns).

juanjsm the Magician (Spriggan Venom Mage)          Turns: 3390, Time: 00:18:46

Health: -2/28      AC:  2    Str:  4    XL:     6   Next: 8%
Magic:  9/14       EV: 19    Int: 18    God:
Gold:   195        SH:  0    Dex: 15    Spells: 4 memorised, 3 levels left

rFire  . . .     SeeInvis +     t - +1 whip of the Cup {drain, rPois MR+ Dex-2 SInv} (curse)
rCold  . . .     Gourm    .     a - +0 robe
rNeg   . . .     Faith    .     (shield restricted)
rPois  +         Spirit   .     (helmet restricted)
rElec  .         Dismiss  .     (no cloak)
rCorr  .         Reflect  .     (gloves unavailable)
SustAt .         Harm     .     (boots unavailable)
MR     ++...                    (no amulet)
Stlth  +++.......               (no ring)
                                (no ring)

@: very quick, very resistant to hostile enchantments, fairly stealthy
A: unfitting armour, see invisible, herbivore 3, speed 3, slow metabolism 2
a: no special abilities


You were on level 4 of the Dungeon.
You were hungry.

You visited 1 branch of the dungeon, and saw 5 of its levels.

You collected 195 gold pieces.

Inventory:

Hand Weapons
 j - a +4 dagger
 k - a +0 hunting sling
 t - the cursed +1 whip of the Cup (weapon) {drain, rPois MR+ Dex-2 SInv}
   (You found it on level 4 of the Dungeon)

   A truly terrible weapon, it drains the life of those it strikes.
   It affects your dexterity (-2).
   It protects you from poison.
   It affects your resistance to hostile enchantments.
   It lets you see invisible.
   It has a curse placed upon it.
Missiles
 l - 185 stones (quivered)
 p - 23 sling bullets
Armour
 a - a +0 robe (worn)
Wands
 w - a wand of paralysis (11/24)
Scrolls
 d - a scroll of immolation {unknown}
 g - 3 scrolls of remove curse {unknown}
 i - 2 scrolls of blinking {unknown}
 m - 4 scrolls of identify {unknown}
 q - 2 scrolls of amnesia {unknown}
 r - a scroll of noise {unknown}
 u - a scroll of random uselessness {unknown}
 x - a scroll of recharging {unknown}
Potions
 e - a potion of berserk rage {unknown}
 f - a potion of lignification {unknown}
 h - 2 potions of degeneration {unknown}
 n - 2 potions of haste {unknown}
 o - a potion of flight {unknown}
 v - 3 potions of heal wounds {unknown}
 A - a potion of curing {unknown}
Books
 b - a Young Poisoner's Handbook

   Spells                             Type                      Level
   a - Sting                          Conjuration/Poison           1
   b - Cure Poison                    Poison                       2
   c - Mephitic Cloud                 Conjuration/Poison/Air       3
   d - Olgreb's Toxic Radiance        Poison                       4
   e - Venom Bolt                     Conjuration/Poison           5
Comestibles
 c - 2 bread rations
 s - a slice of pizza
 z - a royal jelly


   Skills:
 * Level 2.0 Short Blades
 * Level 4.1 Dodging
 * Level 4.0 Stealth
 * Level 4.9 Spellcasting
 * Level 1.6 Conjurations
 + Level 0.3 Air Magic
 + Level 4.6 Poison Magic


You had 3 spell levels left.
You knew the following spells:

 Your Spells              Type           Power        Failure   Level  Hunger
a - Sting                 Conj/Pois      ###.         4%          1    None
b - Cure Poison           Pois           ###.......   3%          2    #......
c - Mephitic Cloud        Conj/Pois/Air  ##......     21%         3    ###....
d - Venom Bolt            Conj/Pois      ###.......   93%         5    ######.


Dungeon Overview and Level Annotations

Branches:
Dungeon (5/15)
 Temple: D:4-7

Altars:
Fedhas
Zin

Annotations:
D:3 exclusion: oklob plant, Denapoli's ghost, amateur SpVM
D:4 Pikel


Innate Abilities, Weirdness & Mutations

You are tiny and cannot use many weapons and most armour.
You have supernaturally acute eyesight.
You are a herbivore.
You cover ground extremely quickly.
You need consume almost no food.


Message History

The slave hits you.
You barely miss Pikel.
Pikel is lightly wounded.
The slave hits you!
You barely miss Pikel.
Pikel is lightly wounded.
The slave hits you!
* * * LOW HITPOINT WARNING * * *
Pikel hits the slave with a whip of flaming!
Pikel burns the slave.
The slave hits Pikel.
The slave seems less confused.
You hit Pikel but do no damage.
Pikel is moderately wounded.
Pikel seems less confused.
The slave closely misses you. Pikel barely misses you. The slave hits you.
* * * LOW HITPOINT WARNING * * *
Pikel hits you with a whip of flaming.
You die...

#....##........
#..............
...............
............#
...####.....#######
#.................#
#......p..........#
...............pp.#
................@K##
...................#
...................#
>.....##...........#
......##...........#
....#.##......p....#
...................#
...................#
..#................#


You could see Pikel and 3 slaves.

Vanquished Creatures
  A giant frog (D:4)
  An orc priest (D:3)
  A worker ant (D:4)
  Robin (D:2)
  6 adders
  An adder skeleton (D:3)
  2 worms
  A dart slug (D:1)
  A giant gecko (D:4)
  8 orcs
  6 bats
  4 giant cockroaches
  16 goblins
  9 hobgoblins
  11 kobolds
  A quokka (D:4)
  A ball python (D:2)
  3 giant newts
  A jackal skeleton (D:4)
  6 rats
81 creatures vanquished.

Notes
Turn   | Place    | Note
--------------------------------------------------------------
     0 | D:1      | juanjsm the Spriggan Venom Mage began the quest for the Orb.
     0 | D:1      | Reached XP level 1. HP: 9/9 MP: 5/5
   178 | D:2      | Reached XP level 2. HP: 13/13 MP: 0/6
   193 | D:2      | Learned a level 2 spell: Cure Poison
   223 | D:2      | Found a glowing silver altar of Zin.
   461 | D:1      | Reached skill level 1 in Short Blades
   698 | D:2      | Reached XP level 3. HP: 14/16 MP: 4/8
   893 | D:2      | Noticed Robin
  1148 | D:2      | Learned a level 3 spell: Mephitic Cloud
  1199 | D:2      | Reached skill level 1 in Conjurations
  1238 | D:2      | Killed Robin
  1277 | D:2      | Reached XP level 4. HP: 18/21 MP: 0/10
  1880 | D:4      | Got a polished whip
  1885 | D:3      | Identified the cursed +1 whip of the Cup {drain, rPois MR+ Dex-2 SInv} (You found it on level 4 of the Dungeon)
  1944 | D:3      | Reached XP level 5. HP: 20/24 MP: 6/12
  1951 | D:3      | Learned a level 5 spell: Venom Bolt
  1983 | D:3      | Found a blossoming altar of Fedhas.
  2006 | D:3      | Noticed an oklob plant
  2156 | D:3      | Noticed Denapoli's ghost (amateur SpVM)
  2219 | D:5      | Entered Level 5 of the Dungeon
  3186 | D:4      | Reached XP level 6. HP: 19/28 MP: 4/14
  3233 | D:4      | Noticed a slave
  3235 | D:4      | Noticed a slave
  3358 | D:4      | Noticed a slave
  3360 | D:4      | Noticed Pikel
  3363 | D:4      | Noticed a slave
  3390 | D:4      | Slain by Pikel

Skill      XL: |  1  2  3  4  5 |
---------------+----------------+-----
Spellcasting   | 3 4 |  4.9
Short Blades   | 1 2 |  2.0
Conjurations   | 1 |  1.6
Dodging        | 4 |  4.1
Stealth        | 4 |  4.0
Air Magic      | |  0.3
Poison Magic   | |  4.6

Action                   |  1- 3 |  4- 6 || total
-------------------------+-------+-------++-------
Melee: Dagger            |    45 |    11 ||    56
       Whip              |       |   101 ||   101
 Fire: Hunting sling     |     6 |       ||     6
 Cast: Sting             |    66 |    83 ||   149
       Mephitic Cloud    |     1 |     6 ||     7
       Cure Poison       |       |     2 ||     2
 Stab: Sleeping          |     1 |     8 ||     9
       Confused          |       |     2 ||     2
Armor: Robe              |     9 |    11 ||    20
Dodge: Dodged            |    41 |    63 ||   104
